[Event "ICCopen2017"]
[Site "Internet Chess Club"]
[Date "2017.03.25"]
[Round "4"]
[White "uncledougie"]
[Black "Cool-Defender"]
[Result "0-1"]
[ICCResult "White forfeits on time"]
[WhiteElo "1938"]
[BlackElo "1583"]
[Opening "Queen's Pawn"]
[ECO "A41"]
[NIC "QO.17"]
[Time "14:40:00"]
[TimeControl "180+0"]

1. d4 d6 2. Nf3 Nf6 3. c4 c6 4. Nc3 Nbd7 5. g3 e5 6. e4 Be7 7. Bg2 O-O 8.
O-O Qc7 9. h3 Re8 10. Be3 Bf8 11. c5 exd4 12. cxd6 Bxd6 13. Bxd4 Nxe4 14.
Re1 Nef6 15. Rxe8+ Nxe8 16. Ng5 Nef6 17. Rc1 Be5 18. Bxe5 Qxe5 19. Nf3 Qe7
20. Rc2 Nf8 21. Re2 Qc7 22. Qd4 Be6 23. Ng5 Rd8 24. Qxa7 h6 25. Nxe6 Nxe6
26. Qe3 Qd7 27. Qb6 Qc7 28. Qxc7 Nxc7 29. Re7 Rc8 30. Na4 Kf8 31. Re2 Ne6
32. h4 Rd8 33. Bh3 Nd4 34. Re1 Nf3+ 35. Kf1 Nxe1 36. Kxe1 b5 37. Nc5 Ra8 38.
a3 Rd8 39. Bg2 Nd5 40. Ke2 Re8+ 41. Kd3 Ke7 42. Kd4 Kd6 43. Ne4+ Kc7 44. Nc5
Kb6 45. Bxd5 cxd5 46. b4 Re2 {White forfeits on time} 0-1

[Event "ICCopen2017"]
[Site "Internet Chess Club"]
[Date "2017.03.25"]
[Round "4"]
[White "notetengomiedo"]
[Black "WhiteMoon"]
[Result "1-0"]
[ICCResult "Black forfeits on time"]
[WhiteElo "1781"]
[BlackElo "2008"]
[Opening "Ruy Lopez: Anderssen variation"]
[ECO "C77"]
[NIC "RL.12"]
[Time "14:39:26"]
[TimeControl "180+0"]

1. e4 e5 2. Nf3 Nc6 3. Bb5 a6 4. Ba4 Nf6 5. d3 b5 6. Bb3 Bc5 7. Qe2 O-O 8.
Nbd2 d6 9. Nf1 Be6 10. Bg5 h6 11. Bh4 a5 12. Bd5 Bxd5 13. exd5 Nd4 14. Nxd4
exd4 15. O-O-O Re8 16. Qf3 a4 17. Ng3 g5 18. Nf5 gxh4 19. Nxh6+ Kf8 20. g3
Re5 21. gxh4 Qe7 22. Rhg1 Ke8 23. Rg5 Kd7 24. Rg7 Rf8 25. Qh3+ Kd8 26. Qf3
Kc8 27. Nf5 Qd7 28. Rg5 Kb7 29. h5 Nxd5 30. h6 Rh8 31. Rh5 c6 32. Rg1 Kb6
33. h7 Qe6 34. Rg8 Qf6 35. Rh6 Qxf5 36. Qxf5 Rxh7 37. Rxh7 Rxf5 38. Rgg7 b4
39. Rxf7 Kb5 40. Rxf5 Bb6 41. Rxd5+ cxd5 42. Rd7 Kc5 43. Rb7 Ba5 44. h4 b3
45. axb3 Kc6 46. bxa4 Kxb7 47. h5 Bd8 48. h6 Bf6 49. h7 Bh8 50. f4 Kb6 51.
f5 Ka5 52. Kd2 Kxa4 53. Ke2 Kb4 54. Kf3 {Black forfeits on time} 1-0

[Event "ICCopen2017"]
[Site "Internet Chess Club"]
[Date "2017.03.25"]
[Round "4"]
[White "Red-white"]
[Black "Papasha"]
[Result "1-0"]
[ICCResult "Black resigns"]
[WhiteElo "3007"]
[BlackElo "2520"]
[Opening "Queen's pawn: Torre attack"]
[ECO "A46"]
[NIC "QP.04"]
[Time "14:40:29"]
[TimeControl "180+0"]

1. d4 Nf6 2. Nf3 e6 3. Bg5 h6 4. Bh4 c5 5. e3 cxd4 6. exd4 b6 7. c3 Bb7 8.
Bd3 Be7 9. O-O a6 10. Re1 d6 11. Nbd2 Nbd7 12. Nf1 Qc7 13. Ne3 O-O 14. a4
Rfe8 15. Nd2 Nd5 16. Bxe7 Rxe7 17. Ne4 N5f6 18. Ng3 Nf8 19. Nh5 Nxh5 20.
Qxh5 Rae8 21. Ng4 e5 22. dxe5 dxe5 23. Re3 e4 24. Bc2 Bc8 25. Bb3 Bxg4 26.
Qxg4 Nd7 27. Rae1 Nc5 28. Bc2 Re5 29. Bxe4 Nxa4 30. Qg3 Kf8 31. Bc2 Rxe3 32.
Rxe3 Qxg3 33. Rxe8+ Kxe8 34. Bxa4+ b5 35. Bxb5+ axb5 36. hxg3 {Black
resigns} 1-0

[Event "ICCopen2017"]
[Site "Internet Chess Club"]
[Date "2017.03.25"]
[Round "4"]
[White "Phaser"]
[Black "hedgie"]
[Result "0-1"]
[ICCResult "White forfeits on time"]
[WhiteElo "1585"]
[BlackElo "1897"]
[Opening "Sicilian: Taimanov (Bastrikov) variation"]
[ECO "B47"]
[NIC "SI.40"]
[Time "14:40:24"]
[TimeControl "180+0"]

1. e4 c5 2. Nf3 Nc6 3. d4 cxd4 4. Nxd4 e6 5. Nc3 Qc7 6. g4 a6 7. Bg2 Nge7 8.
Be3 Ng6 9. Qd2 b5 10. Nxc6 dxc6 11. O-O-O e5 12. Ne2 Bxg4 13. f3 Be6 14. f4
Bxa2 15. fxe5 Nxe5 16. Nc3 Be6 17. Rhe1 Nc4 18. Qf2 Qa5 19. Nb1 Qa1 20. c3
Nxe3 21. Qxe3 Be7 22. e5 h6 23. Bxc6+ Kf8 24. Bxa8 Bg5 25. Rd8+ Bxd8 26.
Qc5+ Kg8 27. Rd1 Bg5+ 28. Kc2 Bf5+ 29. Rd3 Qa4+ {White forfeits on time} 0-1

[Event "ICCopen2017"]
[Site "Internet Chess Club"]
[Date "2017.03.25"]
[Round "4"]
[White "Alikfish"]
[Black "GreyWarden"]
[Result "1-0"]
[ICCResult "Black resigns"]
[WhiteElo "1841"]
[BlackElo "1979"]
[Opening "Ruy Lopez: exchange variation, 5.O-O"]
[ECO "C68"]
[NIC "RL.08"]
[Time "14:40:27"]
[TimeControl "180+0"]

1. e4 e5 2. Nf3 Nc6 3. Bb5 a6 4. Bxc6 dxc6 5. O-O Bd6 6. d4 exd4 7. Qxd4 f6
8. c4 Ne7 9. c5 Be5 10. Qxd8+ Kxd8 11. Nxe5 fxe5 12. Bg5 Be6 13. Nd2 Ke8 14.
Nf3 Ng6 15. h3 h6 16. Be3 Rd8 17. b3 Ke7 18. Rad1 Kf6 19. Bc1 Nf4 20. Bb2
Ng6 21. h4 Bg4 22. Rxd8 Rxd8 23. Nxe5 Nxe5 24. f4 Rd2 25. Bxe5+ Kf7 26. Rf2
Rd1+ 27. Kh2 Rd7 28. Kg3 Bh5 29. f5 Kf8 30. Kf4 Bf7 31. g4 Rd1 32. g5 hxg5+
33. hxg5 Rh1 34. g6 Be8 35. Bxc7 Rh4+ 36. Ke5 Ke7 37. Bd6+ Kd7 38. Rf4 Rh5
39. Kd4 Rh1 40. a4 Rd1+ 41. Kc3 Re1 42. Kb4 Rb1 43. Be5 a5+ 44. Kxa5 Rxb3
45. Bxg7 Kc7 46. Be5+ Kc8 47. Bd6 Kd7 48. e5 Rg3 49. e6+ Kd8 50. f6 Bxg6 51.
f7 b6+ 52. Kxb6 Rb3+ 53. Ka5 Bxf7 54. exf7 Kd7 55. f8=Q Re3 56. Qf7+ Kd8 57.
Rb4 {Black resigns} 1-0

[Event "ICCopen2017"]
[Site "Internet Chess Club"]
[Date "2017.03.25"]
[Round "4"]
[White "Kastor"]
[Black "Sam08"]
[Result "1-0"]
[ICCResult "Black resigns"]
[WhiteElo "2786"]
[BlackElo "2442"]
[Opening "Giuoco Piano"]
[ECO "C54"]
[NIC "IG.02"]
[Time "14:39:40"]
[TimeControl "180+0"]

1. e4 e5 2. Nf3 Nc6 3. Bc4 Bc5 4. c3 Nf6 5. d3 O-O 6. Bb3 d5 7. Qe2 a5 8. a4
Re8 9. Bg5 dxe4 10. dxe4 h6 11. Bh4 g5 12. Bg3 Nh5 13. Nbd2 Qf6 14. O-O-O
Bg4 15. h3 Be6 16. Kc2 Nf4 17. Bxf4 exf4 18. Rhe1 Rad8 19. Bxe6 Qxe6 20. b3
Bf8 21. Nc4 Bg7 22. Rxd8 Rxd8 23. e5 Re8 24. Qd3 Rd8 25. Qe4 b6 26. Nd4
Nxd4+ 27. cxd4 Qd5 28. Qxd5 Rxd5 29. Kc3 Kf8 30. Re4 f6 31. exf6 Bxf6 32.
Ne5 c5 33. Kc4 Rxd4+ 34. Rxd4 cxd4 35. Nd7+ Ke7 36. Nxb6 Bg7 37. b4 Kd6 38.
bxa5 Kc6 39. Nd5 Kb7 40. Nb4 Bf6 41. Kb5 Bg7 42. a6+ Ka7 43. Nc6+ Ka8 44.
Kc4 Bf6 45. f3 h5 46. Nxd4 Ka7 47. Nf5 Kxa6 48. Kd5 Ka5 49. Ke6 Bd8 50. Ng7
Kxa4 51. Nxh5 Kb4 52. Kf5 Kc4 53. Ng7 Kd5 54. Ne6 Ba5 55. Nxg5 Kd6 56. Ne6
Ke7 57. Nxf4 Kf7 58. g4 Bd2 59. g5 Bc1 60. h4 {Black resigns} 1-0

[Event "ICCopen2017"]
[Site "Internet Chess Club"]
[Date "2017.03.25"]
[Round "4"]
[White "mkayem1"]
[Black "Nfurter"]
[Result "1-0"]
[ICCResult "Black forfeits on time"]
[WhiteElo "2063"]
[BlackElo "1716"]
[Opening "Pirc defense"]
[ECO "B07"]
[NIC "PU.08"]
[Time "14:39:37"]
[TimeControl "180+0"]

1. e4 d6 2. d4 Nf6 3. Nc3 Nbd7 4. f4 e5 5. Nf3 exd4 6. Qxd4 c6 7. Be3 d5 8.
b4 dxe4 9. Nxe4 Be7 10. Nd6+ Bxd6 11. Qxd6 Qe7 12. Qxe7+ Kxe7 13. O-O-O Re8
14. Bd3 Kf8 15. Bd2 Nd5 16. c4 N5b6 17. Rhe1 Rxe1 18. Rxe1 Nf6 19. Ne5 Be6
20. Kc2 Rd8 21. Be3 Nfd7 22. Nf3 g6 23. Kc3 Nf6 24. Ng5 Rxd3+ 25. Kxd3 Bxc4+
26. Kc3 Nfd5+ 27. Kb2 Nxb4 28. Bc5+ Kg7 29. Bxb4 Nd5 30. Bc3+ Kh6 31. Nxf7+
Kh5 32. Ne5 Ba6 33. g4+ Kh4 34. Re4 Kh3 35. f5 gxf5 36. gxf5 Nf6 37. Re3+
Kg2 38. Rg3+ Kf2 39. Rg7 Ke3 40. Ng4+ Ke4 41. Nxf6+ Kd3 42. Nxh7 Bc4 43. f6
b5 44. f7 a5 45. f8=Q b4 46. Bxb4 axb4 47. Qxb4 Bb5 48. Qc3+ Ke4 49. Qc5
{Black forfeits on time}
1-0

[Event "ICCopen2017"]
[Site "Internet Chess Club"]
[Date "2017.03.25"]
[Round "4"]
[White "jjmolina"]
[Black "Cramagica"]
[Result "1-0"]
[ICCResult "Black forfeits on time"]
[WhiteElo "1372"]
[BlackElo "1086"]
[Opening "Damiano's defense"]
[ECO "C40"]
[NIC "KP.10"]
[Time "14:39:30"]
[TimeControl "180+0"]

1. e4 e5 2. Nf3 f6 3. Nxe5 Qe7 4. Nf3 Qxe4+ 5. Qe2 Qxe2+ 6. Bxe2 Bc5 7. c3
d6 8. d4 Bb6 9. O-O Ne7 10. Re1 Kf7 11. Na3 a6 12. Nc4 Ba7 13. Ne3 b5 14.
Bd3 Bb7 15. Nd2 Nd7 16. Nf5 Nxf5 17. Bxf5 Nb6 18. Nf1 Rhe8 19. Be3 g6 20.
Bd3 f5 21. Bd2 Rxe1 22. Rxe1 Re8 23. Ng3 Rxe1+ 24. Bxe1 Nd5 25. Bd2 Nf6 26.
f3 h5 27. Kf1 Nd5 28. Ne2 c5 29. dxc5 dxc5 30. Nf4 Nxf4 31. Bxf4 c4 32. Bc2
Bc5 33. Be5 Ke6 34. Bh8 Bd6 35. Ke2 Bxh2 36. Ke3 Be5 37. Bxe5 Kxe5 38. f4+
Ke6 39. g3 Kf6 40. a4 Bc6 41. axb5 axb5 42. b3 cxb3 43. Bxb3 Be4 44. Bg8 g5
45. fxg5+ Kxg5 46. Kf2 Kg4 47. Bf7 h4 48. gxh4 Kxh4 49. Be8 Bd3 50. Bd7 Kg4
51. Bc6 Kf4 52. Bd5 Ke5 53. Bf7 f4 54. Bh5 Kd5 55. Ke1 Kc4 56. Kd2 Kb3 57.
Bf3 Bc4 58. Be4 Kb2 59. Bf3 Kb3 60. Be4 Kb2 61. Bf3 Ka3 62. Be4 Ka2 63. Bf3
Ka1 64. Be4 Kb2 65. Bf3 Kb1 66. Be4+ Ka2 67. Bf3 Ka3 68. Be4 Ka4 69. Bf3
{Black forfeits on time}
1-0

[Event "ICCopen2017"]
[Site "Internet Chess Club"]
[Date "2017.03.25"]
[Round "4"]
[White "Persi"]
[Black "TZ700A"]
[Result "0-1"]
[ICCResult "White forfeits on time"]
[WhiteElo "1197"]
[BlackElo "1295"]
[Opening "Scotch gambit: Benima defense"]
[ECO "C50"]
[NIC "IG.03"]
[Time "14:39:22"]
[TimeControl "180+0"]

1. e4 e5 2. Nf3 Nc6 3. Bc4 Be7 4. d4 exd4 5. Nxd4 Ne5 6. Bb3 Nf6 7. f4 Nc6
8. e5 Ng8 9. O-O Bc5 10. Be3 Nge7 11. Bf2 O-O 12. Nxc6 Bxf2+ 13. Rxf2 Nxc6
14. Nc3 d6 15. exd6 cxd6 16. Ne4 Qb6 17. Qxd6 Be6 18. Bxe6 fxe6 19. Qxe6+
Kh8 20. Qc4 Rxf4 21. Kh1 Rxf2 22. Nxf2 Qxf2 23. Rf1 Qd2 24. h3 h6 25. Rf7
Qe1+ 26. Kh2 Qe5+ 27. Qf4 Qxf4+ 28. Rxf4 Ne5 29. Re4 Nc6 30. Rf4 Kh7 31. Rf7
Rb8 32. c3 a5 33. a3 b5 34. b4 axb4 35. cxb4 Ra8 36. Rc7 Ne5 37. Rc5 Ng6 38.
Rxb5 Rxa3 39. Rb7 Rb3 40. b5 Ne5 41. b6 Nc6 42. Rf7 Rxb6 43. Rc7 Ne5 44. Rc5
Nd3 45. Rc3 Ne5 46. Re3 Ng6 47. Re6 Rb2 48. Rxg6 Kxg6 49. Kg3 Kf6 50. Kf3 g6
{White forfeits on time}
0-1

[Event "ICCopen2017"]
[Site "Internet Chess Club"]
[Date "2017.03.25"]
[Round "4"]
[White "Hacker21"]
[Black "waynerooney"]
[Result "0-1"]
[ICCResult "White forfeits on time"]
[WhiteElo "1748"]
[BlackElo "1958"]
[Opening "Réti opening"]
[ECO "A05"]
[NIC "QP.11"]
[Time "14:39:36"]
[TimeControl "180+0"]

1. Nf3 Nf6 2. g3 d5 3. Bg2 e6 4. O-O Be7 5. d3 O-O 6. Nbd2 c5 7. e4 Nc6 8.
e5 Nd7 9. Re1 Qc7 10. Qe2 b6 11. Nf1 Bb7 12. Bf4 Rac8 13. h4 b5 14. N1h2 Nd4
15. Nxd4 cxd4 16. Rac1 Qb6 17. h5 Nc5 18. b3 Na6 19. h6 g6 20. Nf3 Ba3 21.
Qd2 Nb4 22. Bg5 Rc7 23. Qf4 f5 24. exf6 Bxc1 25. Rxc1 Rxc2 26. Rxc2 Nxc2 27.
Ne5 Qc7 28. f7+ Rxf7 29. Nxf7 Qxf4 30. Bxf4 Kxf7 31. Bd6 Ne1 32. Bf1 Kf6 33.
Be2 e5 34. Kf1 Nc2 35. Bd1 Ke6 36. Bf8 Na1 37. Ba3 b4 38. Bb2 Ba6 39. Ke2 e4
40. Bxa1 Bxd3+ 41. Kd2 Bb1 42. a3 bxa3 43. b4 d3 44. Bb3 Kd6 45. Ke3 a6 46.
Kd4 Bc2 47. Bxd5 d2 48. Ke3 d1=Q 49. Kf4 Qc1+ 50. Kg4 Qxa1 51. Kh3 Qe5 52.
Bf7 Qh5+ 53. Kg2 Qf3+ 54. Kg1 Bb3 55. Bxb3 a2 56. Bd1 a1=Q 57. Kh2 Qaxd1
{White forfeits on time}
0-1

[Event "ICCopen2017"]
[Site "Internet Chess Club"]
[Date "2017.03.25"]
[Round "4"]
[White "MrsPiggy"]
[Black "iamGodskid"]
[Result "1-0"]
[ICCResult "Black forfeits on time"]
[WhiteElo "1347"]
[BlackElo "1304"]
[Opening "Old Indian defense"]
[ECO "A42"]
[NIC "OI.07"]
[Time "14:39:40"]
[TimeControl "180+0"]

1. d4 d6 2. c4 g6 3. e3 Bg7 4. Nf3 Nf6 5. Bd3 Bg4 6. O-O O-O 7. Nbd2 Nbd7 8.
b3 e5 9. Be2 Bxf3 10. Bxf3 exd4 11. exd4 c6 12. Bb2 Nb6 13. Qc2 Qe7 14. Rfe1
Qd7 15. h3 Rae8 16. Nf1 Rxe1 17. Rxe1 d5 18. c5 Nc8 19. Qd3 Ne7 20. Bc1 Nf5
21. Bd2 Ne4 22. Bxe4 dxe4 23. Rxe4 Nxd4 24. Bc3 f5 25. Rf4 Rd8 26. Qc4+ Kf8
27. Ng3 Nb5 28. Bxg7+ Kxg7 29. a4 Nc7 30. Ne2 Nd5 31. Rd4 Qe6 32. b4 Re8 33.
Nf4 Qe1+ 34. Kh2 Qxf2 35. Nxd5 cxd5 36. Qxd5 f4 37. Qd7+ Kh6 38. Qxe8 Qxd4
39. Qf8+ Kg5 40. Qe7+ Kh6 41. Qh4+ Kg7 42. Qe1 Kh6 43. h4 Qf6 44. Kh3 Kg7
45. Kh2 g5 46. hxg5 {Black forfeits on time} 1-0

[Event "ICCopen2017"]
[Site "Internet Chess Club"]
[Date "2017.03.25"]
[Round "4"]
[White "JRussell2"]
[Black "alsaimer"]
[Result "0-1"]
[ICCResult "White checkmated"]
[WhiteElo "1038"]
[BlackElo "1016"]
[Opening "Queen's pawn game, Darooha variation "]
[ECO "D02"]
[NIC "QP.08"]
[Time "14:40:27"]
[TimeControl "180+0"]

1. d4 d5 2. Nf3 Nf6 3. g3 g6 4. Bg2 Bg7 5. O-O Bg4 6. a3 O-O 7. b4 b5 8. Bb2
Ne4 9. h3 Bxf3 10. Bxf3 Nc6 11. Nd2 Nxd4 12. Bxd4 Bxd4 13. Rb1 Nxd2 14. Qxd2
Bg7 15. Qxd5 Qxd5 16. Bxd5 Rad8 17. Bc6 Rd6 18. Bxb5 Rb8 19. Ba4 Rd2 20. c4
Rxe2 21. c5 Rd8 22. Rfe1 Ra2 23. Rxe7 Rdd2 24. Rf1 Rxa3 25. Bb5 Bd4 26. Rxc7
Raa2 27. Rd7 Bxf2+ 28. Kh1 Rdc2 29. c6 Rab2 30. c7 Bxg3 31. Rdxf7 Rh2+ 32.
Kg1 Rbg2# {White checkmated} 0-1

[Event "ICCopen2017"]
[Site "Internet Chess Club"]
[Date "2017.03.25"]
[Round "4"]
[White "Templar-Assasin"]
[Black "zandoli"]
[Result "1-0"]
[ICCResult "Black forfeits on time"]
[WhiteElo "2600"]
[BlackElo "1932"]
[Opening "Old Benoni: Franco-Benoni defense"]
[ECO "C01"]
[NIC "FR.01"]
[Time "14:40:13"]
[TimeControl "180+0"]

1. e4 e6 2. d4 c5 3. d5 exd5 4. exd5 d6 5. Nc3 a6 6. a4 Nf6 7. h3 g6 8. Nf3
Bg7 9. Be2 O-O 10. O-O Re8 11. Bf4 Qc7 12. Qd2 Nbd7 13. Rfe1 b6 14. Bf1 Bb7
15. Rad1 Rad8 16. Bh2 h6 17. Bc4 Bf8 18. Qd3 Qc8 19. b3 Kh7 20. Bf4 Nh5 21.
Bh2 Ng7 22. Ne4 Rxe4 23. Rxe4 Nf6 24. Ree1 Nf5 25. Qd2 Bg7 26. g4 Nd4 27.
Nxd4 cxd4 28. Re7 Rd7 29. Rxd7 Qxd7 30. Qxd4 b5 31. axb5 axb5 32. Bf1 Nxd5
33. Qd3 Qc6 34. Bg2 {Black forfeits on time} 1-0

[Event "ICCopen2017"]
[Site "Internet Chess Club"]
[Date "2017.03.25"]
[Round "4"]
[White "CristianS"]
[Black "ucanresign"]
[Result "0-1"]
[ICCResult "White forfeits on time"]
[WhiteElo "2140"]
[BlackElo "1593"]
[Opening "Queen's pawn game"]
[ECO "D02"]
[NIC "QP.08"]
[Time "14:40:08"]
[TimeControl "180+0"]

1. d4 d5 2. Nf3 c6 3. e3 Nf6 4. Nbd2 Bf5 5. Be2 h6 6. O-O e6 7. h3 Be7 8. b3
Nbd7 9. Bb2 O-O 10. c4 Bd6 11. Rc1 Rc8 12. Ne5 Qc7 13. Ndf3 Qd8 14. a4 a6
15. Nxd7 Qxd7 16. c5 Bc7 17. b4 Ne4 18. Qb3 Bg6 19. b5 axb5 20. axb5 Bh5 21.
Rfd1 Bxf3 22. gxf3 Nf6 23. b6 Bd8 24. Kg2 Re8 25. Ra1 Be7 26. Ra7 Rb8 27.
Rda1 Qd8 28. Qd3 Nd7 29. f4 f5 30. Rg1 Kh8 31. Bh5 Rf8 32. Qe2 Nf6 33. Kf1
Nxh5 34. Qxh5 Rg8 35. Qg6 Bf6 36. Ke2 Qe8 37. Qg3 Qf7 38. Rg2 g5 39. Ra1
gxf4 40. Qf3 Rxg2 41. Qxg2 Rg8 42. Qf3 Qg6 43. Ra7 Rb8 {White forfeits on
time} 0-1

[Event "ICCopen2017"]
[Site "Internet Chess Club"]
[Date "2017.03.25"]
[Round "4"]
[White "Step2Me"]
[Black "Mephisto521"]
[Result "0-1"]
[ICCResult "White forfeits on time"]
[WhiteElo "1354"]
[BlackElo "1623"]
[Opening "French: Tarrasch, open variation"]
[ECO "C07"]
[NIC "FR.18"]
[Time "14:40:23"]
[TimeControl "180+0"]

1. e4 e6 2. d4 d5 3. Nd2 c5 4. c3 Nc6 5. Bb5 a6 6. Bxc6+ bxc6 7. e5 cxd4 8.
cxd4 c5 9. dxc5 Bxc5 10. Ngf3 a5 11. O-O Ba6 12. Re1 Ne7 13. Nf1 Qb6 14. Ne3
d4 15. Ng4 Nf5 16. Bf4 d3 17. Re4 Bb7 18. Rc4 h5 19. Ne3 g5 20. Qxd3 gxf4
21. Nxf5 exf5 22. Qxf5 Bxf2+ 23. Kh1 Be3 24. Ng5 Qg6 25. Qxg6 fxg6 26. e6
O-O 27. Rc7 Bd5 28. e7 Rfe8 29. Rd1 Bf7 30. Re1 Rac8 31. Rxc8 Rxc8 32. Nf3
Rc1 33. h3 Rxe1+ 34. Nxe1 Be8 35. Nf3 Kf7 36. Ne5+ Kxe7 37. Nc6+ Bxc6
{White forfeits on time}
0-1

[Event "ICCopen2017"]
[Site "Internet Chess Club"]
[Date "2017.03.25"]
[Round "4"]
[White "M-Ezat"]
[Black "audipudy"]
[Result "1-0"]
[ICCResult "Black checkmated"]
[WhiteElo "2209"]
[BlackElo "1600"]
[Opening "Queen's pawn: English defense"]
[ECO "A40"]
[NIC "QO.17"]
[Time "14:40:35"]
[TimeControl "180+0"]

1. d4 b6 2. c4 Bb7 3. Nc3 e6 4. e4 Bb4 5. Qc2 Qh4 6. Bd3 f5 7. d5 Nf6 8.
exf5 exd5 9. Nf3 Qg4 10. O-O Bxc3 11. Qxc3 O-O 12. Ne5 Qh4 13. c5 Nc6 14.
Nxc6 Bxc6 15. f3 Rae8 16. Bd2 a5 17. Rae1 d4 18. Qb3+ Bd5 19. Bc4 Bxc4 20.
Qxc4+ Kh8 21. cxb6 cxb6 22. b4 axb4 23. Bxb4 Rxe1 24. Rxe1 Re8 25. Rxe8+
Nxe8 26. Qf7 Qd8 27. Qf8# {Black checkmated} 1-0

[Event "ICCopen2017"]
[Site "Internet Chess Club"]
[Date "2017.03.25"]
[Round "4"]
[White "Maxbet"]
[Black "Butters"]
[Result "1-0"]
[ICCResult "Black resigns"]
[WhiteElo "2856"]
[BlackElo "2498"]
[Opening "Philidor: Improved Hanham variation"]
[ECO "B07"]
[NIC "PU.08"]
[Time "14:40:20"]
[TimeControl "180+0"]

1. e4 d6 2. d4 Nf6 3. Nc3 e5 4. Nf3 Nbd7 5. Bc4 Be7 6. O-O O-O 7. a4 c6 8.
Qe2 Qc7 9. Rd1 b6 10. Bg5 a6 11. Nh4 exd4 12. Rxd4 Ne5 13. Ba2 Be6 14. f4
Bxa2 15. Nxa2 Ng6 16. Nc3 Rfe8 17. Nxg6 hxg6 18. Kh1 Bf8 19. Rad1 Nd7 20.
Qf3 Nc5 21. Bh4 b5 22. Bg3 Ne6 23. R4d2 b4 24. Ne2 Nc5 25. Rd4 Qb6 26. b3
Ne6 27. R4d2 Nc5 28. Rd4 Ne6 29. Rc4 Rad8 30. f5 gxf5 31. exf5 Ng5 32. Qg4
d5 33. Rf4 Ne4 34. f6 Nxg3+ 35. Nxg3 Qe3 36. fxg7 Bxg7 37. Nf5 Qe1+ 38. Rf1
Qe5 39. Rde1 Qf6 40. Rxe8+ Rxe8 41. h3 Qg6 42. Qxb4 {Black resigns} 1-0

[Event "ICCopen2017"]
[Site "Internet Chess Club"]
[Date "2017.03.25"]
[Round "4"]
[White "PerMag"]
[Black "bennywins"]
[Result "1-0"]
[ICCResult "Black forfeits on time"]
[WhiteElo "1700"]
[BlackElo "1457"]
[Opening "Ruy Lopez: closed, Kholmov variation"]
[ECO "C92"]
[NIC "RL.21"]
[Time "14:39:47"]
[TimeControl "180+0"]

1. e4 e5 2. Nf3 Nc6 3. Bb5 a6 4. Ba4 Nf6 5. O-O b5 6. Bb3 Be7 7. Re1 O-O 8.
h3 d6 9. c3 Be6 10. a4 Bxb3 11. Qxb3 Rb8 12. Qd1 h6 13. d3 Qd7 14. Nbd2 Nh7
15. Nf1 f6 16. axb5 axb5 17. Ng3 Bd8 18. d4 Ne7 19. Qe2 Ng5 20. Nxg5 hxg5
21. Bd2 Nc6 22. d5 Ne7 23. Ra7 Qc8 24. Be3 c6 25. Qh5 cxd5 26. exd5 Nxd5 27.
Bd2 Bb6 28. Raa1 Nf4 29. Bxf4 gxf4 30. Ne4 Qe6 31. Rad1 Rbd8 32. Nd2 Qf7 33.
Qg4 f5 34. Qe2 Qf6 35. Nb3 Bc5 36. Nxc5 dxc5 37. Qxb5 Rxd1 38. Rxd1 Rc8 39.
Qc4+ Qf7 40. Qxf7+ Kxf7 41. Rd7+ Kf6 42. Kf1 Ra8 43. Ke2 Ra1 44. Rb7 Ra5 45.
Kd2 e4 46. Rb6+ Ke5 47. Rb7 g5 48. Re7+ Kf6 49. Rc7 Ra2 50. Kc2 e3 51. fxe3
fxe3 52. Kd3 e2 53. Kxe2 Rxb2+ 54. Kf3 Rc2 55. Rxc5 Rd2 56. Ke3 Rd6 57. Kf3
Re6 58. Rd5 Rc6 59. Rd3 Rc4 60. g4 fxg4+ 61. hxg4 Rf4+ 62. Kg3 Ke5 63. Re3+
Kd5 64. Rd3+ Ke5 65. Re3+ Kf6 66. Re8 Kg6 67. Rg8+ Kf7 68. Rxg5 Rxg4+ 69.
Kxg4 Ke6 70. Rf5 Kd6 71. c4 Kc6 72. Rd5 {Black forfeits on time} 1-0

[Event "ICCopen2017"]
[Site "Internet Chess Club"]
[Date "2017.03.25"]
[Round "4"]
[White "PCB1"]
[Black "Buscapina"]
[Result "0-1"]
[ICCResult "White forfeits on time"]
[WhiteElo "1796"]
[BlackElo "2107"]
[Opening "QGD: 4.Nf3"]
[ECO "D37"]
[NIC "QO.17"]
[Time "14:39:56"]
[TimeControl "180+0"]

1. d4 e6 2. Nf3 d5 3. c4 Nf6 4. Nc3 Nbd7 5. cxd5 exd5 6. Bg5 c6 7. e3 Be7 8.
Bd3 O-O 9. O-O Re8 10. Qc2 Nf8 11. h3 Bd6 12. Rae1 Ng6 13. e4 Be7 14. e5 Nh5
15. Bxe7 Qxe7 16. a3 Kh8 17. Re2 Ngf4 18. Re3 Be6 19. Ne2 Ng6 20. Nh2 Ngf4
21. Nxf4 Nxf4 22. Rf3 Qh4 23. Bf5 Bxf5 24. Qxf5 Ne2+ 25. Kh1 Nxd4 26. Qxf7
Nxf3 27. Nxf3 Qh6 28. Qxb7 Rf8 29. Kh2 Rae8 30. Qxa7 Rxf3 31. gxf3 Qf4+ 32.
Kg2 Qg5+ 33. Kh2 Qxe5+ 34. Kg2 Qg5+ 35. Kh2 h6 36. Qd7 Rf8 37. Qg4 Qe5+ 38.
Kg2 Rf4 39. Qg3 Qf6 40. Re1 Rf5 41. Re8+ Kh7 {White forfeits on time} 0-1

[Event "ICCopen2017"]
[Site "Internet Chess Club"]
[Date "2017.03.25"]
[Round "4"]
[White "nmd"]
[Black "mehrdad1978"]
[Result "0-1"]
[ICCResult "White forfeits on time"]
[WhiteElo "1527"]
[BlackElo "1836"]
[Opening "Caro-Kann defense"]
[ECO "B12"]
[NIC "CK.01"]
[Time "14:39:58"]
[TimeControl "180+0"]

1. e4 c6 2. d4 g6 3. f4 Bg7 4. Nf3 d5 5. e5 Nh6 6. Bd3 O-O 7. O-O f6 8. c3
fxe5 9. fxe5 Bg4 10. h3 Bxf3 11. Rxf3 e6 12. Rxf8+ Qxf8 13. Bg5 Nd7 14. Qc1
Nf5 15. g4 Ne7 16. Nd2 c5 17. Nf3 Nc6 18. Qe3 h6 19. Bf4 g5 20. Bg3 cxd4 21.
cxd4 Qb4 22. b3 Rf8 23. Rf1 a5 24. Bb1 Qb5 25. Qc1 Qe2 26. Qd1 Qxd1 27. Rxd1
Rxf3 28. Kg2 Rf7 29. Bf2 Bf8 30. Be1 Bb4 31. Bf2 Bc3 32. a3 b5 33. Bd3 b4
34. a4 Nxd4 35. Bf1 Nxb3 36. Bb5 Nxe5 37. Bg3 Ng6 38. Rd3 Nf4+ 39. Kh2 Nxd3
40. Bxd3 e5 41. Bf2 e4 42. Kg3 exd3 43. Be1 d2 44. Bxd2 Nxd2
{White forfeits on time}
0-1

[Event "ICCopen2017"]
[Site "Internet Chess Club"]
[Date "2017.03.25"]
[Round "4"]
[White "Eigeneier"]
[Black "AlonzoMosely"]
[Result "1-0"]
[ICCResult "Black forfeits on time"]
[WhiteElo "1907"]
[BlackElo "2218"]
[Opening "Neo-Grünfeld, 6.O-O"]
[ECO "D77"]
[NIC "GI.02"]
[Time "14:39:51"]
[TimeControl "180+0"]

1. d4 Nf6 2. Nf3 g6 3. g3 Bg7 4. Bg2 O-O 5. O-O d5 6. c4 dxc4 7. Na3 c3 8.
bxc3 c5 9. e3 Nc6 10. Qe2 Bf5 11. Nc4 Qc7 12. Ba3 Ne4 13. Rfc1 Be6 14. Nfd2
Nxd2 15. Nxd2 cxd4 16. cxd4 Qd7 17. Ne4 Bg4 18. f3 Bf5 19. Nc5 Qc8 20. g4
Be6 21. Nxe6 Qxe6 22. Rab1 Nxd4 23. Qf2 Nc6 24. Rxb7 Rab8 25. Rxb8 Rxb8 26.
f4 Rb6 27. f5 Qd7 28. fxg6 hxg6 29. Rf1 e6 30. Bc5 Ra6 31. Qe2 Ra5 32. Rc1
Ne5 33. Bd4 Ra4 34. Qb2 Nf3+ 35. Bxf3 Rxd4 36. Rf1 Rd2 37. Qb8+ Kh7 38. Qg3
Qb5 39. Qh3+ Kg8 40. Qg3 Be5 41. Qh4 Bxh2+ 42. Qxh2 Rxh2 43. Kxh2 Qc5 44.
Bg2 Kg7 45. Kg3 Qe5+ 46. Kf3 Qf6+ 47. Ke2 Qb2+ 48. Kf3 Qxa2 49. Rf2 Qb3 50.
Kg3 a5 51. Kh2 a4 52. Bf1 a3 53. Bc4 Qxc4 54. Rg2 Qc3 55. Re2 Qxe3 56. Rxe3
a2 57. Ra3 Kf6 58. Rxa2 Kg5 59. Rd2 {Black forfeits on time} 1-0